 Dungeon Crawl Stone Soup version 0.19-a0-305-g4c536b9 (webtiles) character file.

432 tyvek the Shield-Bearer (level 7, -3/44 HPs)
             Began as a Gargoyle Fighter on May 27, 2016.
             Was a Follower of Okawaru.
             Slain by Prince Ribbit (6 damage)
             ... on level 5 of the Dungeon.
             The game lasted 00:09:00 (4148 turns).

tyvek the Shield-Bearer (Gargoyle Fighter)          Turns: 4148, Time: 00:09:00

Health: -3/44      AC: 14    Str: 21    XL:     7   Next: 0%
Magic:  7/7        EV: 10    Int:  8    God:    Okawaru [*.....]
Gold:   224        SH: 10    Dex: 15    Spells: 0 memorised, 6 levels left

rFire  . . .     SeeInvis .     a - +0 flail
rCold  . . .     Gourm    .     l - +0 chain mail
rNeg   + . .     Faith    .     c - +0 shield
rPois  ∞         Spirit   .     (no helmet)
rElec  +         Dismiss  .     (no cloak)
rCorr  .         Reflect  .     (no gloves)
SustAt .         Harm     .     (no boots)
MR     .....                    (no amulet)
Stlth  ..........               (no ring)
                                (no ring)

@: agile, not resistant to hostile enchantments, extremely unstealthy
A: negative energy resistance 1, electricity resistance, unbreathing,
petrification resistance, rot immunity, AC +4
a: Heroism, Renounce Religion


You were on level 5 of the Dungeon.
You worshipped Okawaru.
Okawaru was aware of your devotion.
You were hungry.

You visited 1 branch of the dungeon, and saw 5 of its levels.

You collected 224 gold pieces.

Inventory:

Hand Weapons
 a - a +0 flail (weapon)
 d - a +1 spear of piercing
   (You took it off a gnoll on level 4 of the Dungeon)
Armour
 c - a +0 shield (worn)
 l - a +0 chain mail (worn)
   (You took it off an orc on level 3 of the Dungeon)
Wands
 q - a wand of lightning (6/15)
   (You found it on level 4 of the Dungeon)
Scrolls
 e - 4 scrolls of amnesia {unknown}
 i - a scroll of blinking {unknown}
 m - a scroll of random uselessness {unknown}
 o - 6 scrolls of magic mapping {unknown}
 p - 2 scrolls of teleportation {unknown}
 s - a scroll of immolation {unknown}
 u - 4 scrolls of identify {unknown}
 v - 2 scrolls of fear {unknown}
Potions
 g - a potion of magic
Comestibles
 f - 3 bread rations {@e1}
 n - a meat ration {@e2}
 r - 2 beef jerkies
 t - a slice of pizza


   Skills:
 + Level 4.8 Fighting
 + Level 4.0 Maces & Flails
 + Level 4.9 Armour
 + Level 5.2 Shields


You had 6 spell levels left.
You didn't know any spells.

Dungeon Overview and Level Annotations

Branches:
Dungeon (5/15)             Temple (0/1) D:4

Altars:
Ashenzari
Cheibriados
Hepliaklqana
Okawaru
Trog
The Shining One

Annotations:
D:5 Prince Ribbit


Innate Abilities, Weirdness & Mutations

You are resistant to torment.
Your stone body is resilient (AC +4).
You are immune to poison.
You resist negative energy. (rN+)
You are resistant to electric shocks. (rElec)
You can survive without breathing.
You are immune to petrification.
You are immune to rotting.


Message History

The howler monkey hits you but does no damage.
The howler monkey bites you but does no damage.
A howler monkey is nearby!
You hit the howler monkey but do no damage.
The howler monkey completely misses you.
You block the howler monkey's attack.
A howler monkey is nearby!
Your shield and chain mail prevent you from hitting the howler monkey.
The howler monkey hits you but does no damage.
The howler monkey bites you.
The howler monkey hoots and howls with incredible vigour!
You take 1 damage, and have 38/39 hp.
A howler monkey is nearby!
You barely miss the howler monkey. The howler monkey barely misses you. x2
A howler monkey is nearby!
You hit the howler monkey.
The howler monkey hits you but does no damage.
You block the howler monkey's attack. The howler monkey hits you.
You block the howler monkey's attack.
You take 2 damage, and have 36/39 hp.
A howler monkey is nearby!
Your chain mail prevents you from hitting the howler monkey.
You block the howler monkey's attack. x2
The howler monkey hits you but does no damage.
The howler monkey bites you but does no damage.
A howler monkey is nearby!
You sock the howler monkey!
You kill the howler monkey!
Okawaru accepts your kill.
You can now gain great but temporary skills.
Your Maces & Flails skill increases to level 4!
No target in view!
You now have 212 gold pieces (gained 10).
Something unseen opens the door.
No target in view!
Found a snail-covered altar of Cheibriados.
No target in view!
You are feeling hungry.
No target in view!
Found a stone staircase leading down.
There is an open door here.
Health restored: 40 No target in view!
Found a shattered altar of Ashenzari.
No target in view!
You now have 224 gold pieces (gained 12).
You found a teleport trap!
No target in view!
Prince Ribbit comes into view.
Prince Ribbit gives a loud, deep croak!
Prince Ribbit lets out a mournful croak.
Prince Ribbit is nearby!
Prince Ribbit lets out a mournful croak.
Prince Ribbit blinks!
A dart slug comes into view.
Your shield and chain mail prevent you from hitting Prince Ribbit.
You block Prince Ribbit's attack. x2
The dart slug launches a dart at you. You block the slug dart.
You hit Prince Ribbit.
Prince Ribbit hits you but does no damage.
Prince Ribbit barely misses you.
You miss Prince Ribbit.
Prince Ribbit blinks!
Prince Ribbit blinks!
You sock the dart slug!
You kill the dart slug!
Okawaru accepts your kill.
You have reached level 7!
Health restored: 44; MP restored: 7 You thump Prince Ribbit!
You block Prince Ribbit's attack. Prince Ribbit hits you!
You take 11 damage, and have 33/44 hp.
MASSIVE DAMAGE!!
Your shield prevents you from hitting Prince Ribbit.
Prince Ribbit barely misses you. Prince Ribbit hits you!
You take 10 damage, and have 23/44 hp.
MASSIVE DAMAGE!!
You are too injured to fight recklessly!
Prince Ribbit hits you!
* * * LOW HITPOINT WARNING * * *
You see here a beef jerky.
You take 10 damage, and have 13/44 hp.
MASSIVE DAMAGE!!
You closely miss Prince Ribbit.
Prince Ribbit blinks!
Prince Ribbit winks and puckers his lips.
You see here a beef jerky.
You completely miss Prince Ribbit. You block Prince Ribbit's attack.
Prince Ribbit hits you!
* * * LOW HITPOINT WARNING * * *
You take 9 damage, and have 5/44 hp.
MASSIVE DAMAGE!!
Drink which item? (? for menu, Esc to quit)
It was a potion of cure mutation.
It has a very clean taste.
Prince Ribbit hits you but does no damage.
Drink which item? (? for menu, Esc to quit)
You feel agile all of a sudden. Prince Ribbit hits you.
* * * LOW HITPOINT WARNING * * *
Prince Ribbit hits you.
You die...

###########
###.........#
####...##...##..
#######......#8...8#
.............##...##
........###..##.^.#
........###..##...##
........###..#⌠...8#
.........#...##.@.##
.........#...##.F.#
###......_...##...##
.........#...#8...8#
.###.##..#...##.†.##
........###.........
........###.....#.##..
........###..#.....
#..
....##.......#...... .


You could see Prince Ribbit.

Vanquished Creatures
  A howler monkey (D:5)
  A crimson imp (D:5)
  2 orc wizards
  5 worker ants
  A hound skeleton (D:4)
  A howler monkey skeleton (D:4)
  4 gnolls (D:4)
  4 adders
  3 worms
  5 dart slugs
  A giant gecko (D:1)
  6 orcs
  9 bats
  6 giant cockroaches
  10 goblins
  9 hobgoblins
  A jackal (D:4)
  4 kobolds
  3 quokkas
  A giant gecko skeleton (D:5)
  4 giant newts
  4 rats
85 creatures vanquished.

Notes
Turn   | Place    | Note
--------------------------------------------------------------
     0 | D:1      | tyvek the Gargoyle Fighter began the quest for the Orb.
     0 | D:1      | Reached XP level 1. HP: 14/14 MP: 1/1
   300 | D:1      | Reached XP level 2. HP: 19/19 MP: 2/2
   627 | D:1      | Reached XP level 3. HP: 23/23 MP: 3/3
   977 | D:2      | Reached skill level 4 in Shields
  1071 | D:2      | You fall through a shaft!
  1155 | D:3      | Reached XP level 4. HP: 27/29 MP: 4/4
  1451 | D:2      | Reached skill level 3 in Maces & Flails
  1491 | D:2      | Reached skill level 4 in Fighting
  1611 | D:2      | Reached XP level 5. HP: 33/33 MP: 5/5
  1670 | D:2      | Found an iron altar of Okawaru.
  1670 | D:2      | Found a bloodstained altar of Trog.
  1781 | D:2      | Became a worshipper of Warmaster Okawaru
  2343 | D:3      | Reached skill level 4 in Armour
  2798 | D:4      | HP: 12/49 [adder (2)]
  2813 | D:4      | HP: 8/33 [adder (1)]
  2818 | D:4      | HP: 4/33 [adder (1)]
  2827 | D:4      | HP: 5/33 [adder (1)]
  3118 | D:4      | Reached XP level 6. HP: 35/39 MP: 6/6
  3160 | D:4      | Found a hazy altar of Hepliaklqana.
  3460 | D:4      | Found a staircase to the Ecumenical Temple.
  3589 | D:4      | Found a glowing golden altar of the Shining One.
  3684 | D:4      | Reached skill level 5 in Shields
  3700 | D:4      | HP: 9/39 [gnoll/spear (3)]
  4005 | D:5      | Entered Level 5 of the Dungeon
  4072 | D:5      | Reached * piety under Okawaru
  4072 | D:5      | Reached skill level 4 in Maces & Flails
  4080 | D:5      | Found a snail-covered altar of Cheibriados.
  4096 | D:5      | Found a shattered altar of Ashenzari.
  4128 | D:5      | Noticed Prince Ribbit
  4137 | D:5      | Reached XP level 7. HP: 44/44 MP: 7/7
  4146 | D:5      | HP: 5/44 [Prince Ribbit (9)]
  4148 | D:5      | Slain by Prince Ribbit

Vault maps used:
D:1:      eino_arrival_tree_alley
D:2:      gammafunk_temple_overflow_wave, serial_forest,
          infiniplex_forest_straight_2, infiniplex_forest_join,
          infiniplex_forest_clump_long, infiniplex_forest_lined_3,
          infiniplex_forest_end_3, infiniplex_forest_end_2,
          infiniplex_forest_lined_4_way, infiniplex_forest_clump_C,
          infiniplex_forest_clump_tiny, lightli_corner_chamber
D:4:      minmay_opposing_rooms, kennysheep_little_box, tso_altar,
          minmay_temple_entry_nine_rooms
D:5:      grunt_temple_overflow_magic_moments, nicolae_overflow_crystal_walls,
          lemuel_doored_altar, first_bread, serial_shops, nicolae_shop_crystal,
          serial_corexii_hall, corexii_hall_statues_s, corexii_hall_statues_i,
          corexii_hall_statues_x, corexii_hall_statues_deadend,
          cheibrodos_ashenzari_chains, uniq_prince_ribbit1

Skill      XL: |  1  2  3  4  5  6 |
---------------+-------------------+-----
Shields        | 4 5 |  5.2
Maces & Flails | 3 4 |  4.0
Fighting       | 4 |  4.8
Armour         | 4 |  4.9

Action                   |  1- 3 |  4- 6 |  7- 9 || total
-------------------------+-------+-------+-------++-------
Melee: Flail             |   150 |   281 |     4 ||   435
  Use: Potion            |       |     6 |     2 ||     8
  Eat: Chunk             |     1 |    11 |       ||    12
Armor: Scale mail        |   121 |     8 |       ||   129
       Chain mail        |       |   239 |     1 ||   240
Dodge: Dodged            |    54 |    83 |     1 ||   138
Block: Shield            |    86 |   197 |     2 ||   285

Vault maps used:
D:1:      eino_arrival_tree_alley
D:2:      gammafunk_temple_overflow_wave, serial_forest,
          infiniplex_forest_straight_2, infiniplex_forest_join,
          infiniplex_forest_clump_long, infiniplex_forest_lined_3,
          infiniplex_forest_end_3, infiniplex_forest_end_2,
          infiniplex_forest_lined_4_way, infiniplex_forest_clump_C,
          infiniplex_forest_clump_tiny, lightli_corner_chamber
D:4:      minmay_opposing_rooms, kennysheep_little_box, tso_altar,
          minmay_temple_entry_nine_rooms
D:5:      grunt_temple_overflow_magic_moments, nicolae_overflow_crystal_walls,
          lemuel_doored_altar, first_bread, serial_shops, nicolae_shop_crystal,
          serial_corexii_hall, corexii_hall_statues_s, corexii_hall_statues_i,
          corexii_hall_statues_x, corexii_hall_statues_deadend,
          cheibrodos_ashenzari_chains, uniq_prince_ribbit1

Table legend:
 A = Turns spent in this place as a percentage of turns spent in the entire game.
 B = Non-inter-level travel turns spent in this place as a percentage of non-inter-level travel turns spent in the entire game.
 C = Inter-level travel turns spent in this place as a percentage of turns spent in this place.
 D = Turns resting spent in this place as a percentage of non-inter-level travel turns spent in this place.
 E = Turns spent auto-exploring this place as a percentage of non-inter-level travel turns spent in this place.
 F = Non-inter-level travel turns spent in this place divided by the number of levels of this place that you've seen.
                   A       B       C       D       E      F
               +-------+-------+-------+-------+-------+----------------------
         Total | 100.0 | 100.0 |   0.4 |   1.3 |   9.4 | 271.2
       Dungeon | 100.0 | 100.0 |   0.4 |   1.3 |   9.4 | 271.2
               +-------+-------+-------+-------+-------+----------------------

Table legend:
 A = Kills in this place as a percentage of kills in entire the game.
 B = Kills by you in this place as a percentage of kills by you in the entire game.
 C = Kills by friends in this place as a percentage of kills by friends in the entire game.
 D = Other kills in this place as a percentage of other kills in the entire game.
 E = Experience gained in this place as a percentage of experience gained in the entire game.
 F = Experience gained in this place divided by the number of levels of this place that you have seen.
                   A       B       C       D       E      F
               +-------+-------+-------+-------+-------+----------------------
         Total | 100.0 | 100.0 |  -nan |  -nan | 100.0 | 123.6
       Dungeon | 100.0 | 100.0 |  -nan |  -nan | 100.0 | 123.6
               +-------+-------+-------+-------+-------+----------------------
